 Dungeon Sprint DCSS version 0.30.1-9-gdf580d7c3d (webtiles) character file.

Game seed: 12804895616420192330

1968 Heoruswealwe the Impaler (level 9, -10/92 HPs)
             Began as a Minotaur Fighter on Oct 12, 2023.
             Was an Initiate of Gozag.
             Mangled by a troll (12 damage)
             ... in the Dungeon (Sprint IX: "|||||||||||||||||||||||||||||").
             The game lasted 00:03:22 (398 turns).

Heoruswealwe the Impaler (Minotaur Fighter)          Turns: 398, Time: 00:03:22

Health: -10/92     AC: 12    Str: 25    XL:     9   Next: 0%
Magic:  8/8        EV: 10    Int:  5    God:    Gozag
Gold:   621        SH:  0    Dex: 10    Spells: 8/8 levels left

rFire   . . .        b - +2 halberd (venom)
rCold   . . .        (shield currently unavailable)
rNeg    . . .        c - +1 scale mail
rPois   .            (helmet restricted)
rElec   .            (no cloak)
rCorr   .            f - +0 pair of gloves
SInv    .            (no boots)
Will    .....        (no amulet) Stlth
                     (no ring)
HPRegen 0.35/turn    (no ring)
MPRegen 0.11/turn

%: no teleportation
@: gold aura
A: horns 2, retaliatory headbutt
a: Renounce Religion, Potion Petition, Call Merchant, Bribe Branch


You were in the Dungeon.
You worshipped Gozag.
Gozag was pleased with you.
You visited 1 branch You collected 621 gold pieces.

Inventory:

Hand Weapons
 a - a +0 trident
 b - a +2 halberd of venom (weapon)
Armour
 c - a +1 scale mail (worn)
 d - a +0 buckler
 f - a +0 pair of gloves (worn)
Wands
 h - a wand of iceblast (10)
Scrolls
 j - 2 scrolls of blinking
Potions
 e - 4 potions of curing
 g - a potion of haste
 i - a potion of berserk rage
 k - a potion of might
 l - a potion of heal wounds


   Skills:
 + Level 12.6 Fighting
 * Level 16.9 Polearms
 + Level 12.6 Armour
 - Level 3.6 Shields


You had 8 spell levels left.
You didn't know any spells.
Your spell library was empty.

Dungeon Overview and Level Annotations

Branches:
Dungeon (1/1)

Altars:
Cheibriados
Dithmenos
Elyvilon
Fedhas
Gozag
Hepliaklqana
Kikubaaqudgha
Makhleb
Nemelex Xobeh
Okawaru
Qazlal
Ru
Sif Muna
Trog
Uskayaw
Vehumet
Wu Jian
Xom
Yredelemnul
Zin
The Shining One
Jiyva
Lugonu


Innate Abilities, Weirdness & Mutations

You have a pair of horns on your head.
You reflexively headbutt those who attack you in melee.


Message History

You impale the two-headed ogre!!
The two-headed ogre looks as sick as possible!
The two-headed ogre is moderately wounded.
You hit the two-headed ogre.
The two-headed ogre looks as sick as possible!
You headbutt the two-headed ogre!
The two-headed ogre is heavily wounded.
The two-headed ogre hits you with a +0 giant club!!
* * * LOW HITPOINT WARNING * * *
The two-headed ogre barely misses you.
You hit the two-headed ogre.
The two-headed ogre looks as sick as possible!
The two-headed ogre is heavily wounded.
You impale the two-headed ogre!!
You kill the two-headed ogre!
Your Fighting skill increases to level 12!
Your Polearms skill increases to level 16!
Your Armour skill increases to level 12!
You have reached level 9!
Your experience leads to an increase in your attributes!
Increase (S)trength, (I)ntelligence, or (D)exterity?
You feel stronger. x2
Reach: b) +2 halberd (venom)
Press: ? - help, Dir - move target, f - troll
Aim: a troll (about 32% to evade your +2 halberd of venom)
You reach to attack!
You hit the troll.
The troll is poisoned.
The troll is lightly wounded.
You hit the troll. Your headbutt misses the troll.
The troll is moderately wounded.
The troll bites you.
* * * LOW HITPOINT WARNING * * *
The troll claws you but does no damage. x2
You slash the troll!
The troll looks as sick as possible!
You headbutt the troll.
The troll is almost dead.
You closely miss the troll.
The troll is almost dead.
The troll bites you!
You die...
Your body crumbles into a pile of gold.

▓.▓
$
▓'▓
$
▓)▓
▓.▓
$
▓.▓
$
▓.▓
$ $
▓.▓
$
▓.▓
$
▓@▓
▓T▓
▓.▓
▓.▓
▓.▓
▓.▓
▓.▓
▓+▓


You could see a troll (extremely poisoned).

Vanquished Creatures
  A two-headed ogre (D)
  A troll (D)
  A wyvern (D)
  A shadow (D)
  A wraith (D)
  A basilisk (D)
  A yak (D)
  A vampire mosquito (D)
  A black bear (D)
  A centaur (D)
  2 killer bees (D)
  A hound (D)
  2 iguanas (D)
  An adder (D)
  An endoplasm (D)
  A goblin (D)
  A jackal (D)
  A quokka (D)
  A rat (D)
21 creatures vanquished.

Notes
Turn   | Place    | Note
-------+----------+-------------------------------------------
     0 | D        | Heoruswealwe the Minotaur Fighter began the quest for the
                  | Orb.
     0 | D        | Reached XP level 1. HP: 19/19 MP: 0/0
     6 | D        | Reached skill level 3 in Polearms
    29 | D        | Noticed an iguana
    29 | D        | Noticed a hound
    29 | D        | Noticed an iguana
    29 | D        | Noticed a black bear
    40 | D        | Killed an iguana
    41 | D        | Reached skill level 5 in Fighting
    41 | D        | Reached skill level 5 in Polearms
    41 | D        | Reached skill level 5 in Armour
    41 | D        | Reached XP level 2. HP: 29/29 MP: 1/1
    41 | D        | Reached XP level 3. HP: 36/36 MP: 2/2
    44 | D        | Reached skill level 6 in Polearms
    50 | D        | Reached skill level 7 in Polearms
    50 | D        | Reached XP level 4. HP: 42/44 MP: 3/3
    64 | D        | Killed a black bear
    65 | D        | Reached skill level 9 in Polearms
    65 | D        | Reached XP level 5. HP: 42/53 MP: 4/4
    71 | D        | Found a snail-covered altar of Cheibriados.
    71 | D        | Found a shadowy altar of Dithmenos.
    71 | D        | Found a white marble altar of Elyvilon.
    71 | D        | Found a blossoming altar of Fedhas.
    71 | D        | Found an opulent altar of Gozag.
    72 | D        | Found a hazy altar of Hepliaklqana.
    73 | D        | Found a viscous altar of Jiyva.
    74 | D        | Found an ancient bone altar of Kikubaaqudgha.
    75 | D        | Found a corrupted altar of Lugonu.
    76 | D        | Found a burning altar of Makhleb.
    77 | D        | Found a sparkling altar of Nemelex Xobeh.
    78 | D        | Found an iron altar of Okawaru.
    79 | D        | Became a worshipper of Gozag Ym Sagoz the Greedy
    80 | D        | Found a stormy altar of Qazlal.
    81 | D        | Found a sacrificial altar of Ru.
    82 | D        | Found a shimmering blue altar of Sif Muna.
    83 | D        | Found a bloodstained altar of Trog.
    84 | D        | Found a hide-covered altar of Uskayaw.
    85 | D        | Found a radiant altar of Vehumet.
    86 | D        | Found an ornate altar of the Wu Jian Council.
    87 | D        | Found a shimmering altar of Xom.
    88 | D        | Found a basalt altar of Yredelemnul.
    89 | D        | Found a glowing silver altar of Zin.
    90 | D        | Found a glowing golden altar of the Shining One.
   159 | D        | Noticed a shadow
   159 | D        | Noticed a yak
   159 | D        | Noticed a wyvern
   159 | D        | Noticed a centaur
   165 | D        | Killed a shadow
   166 | D        | Reached skill level 11 in Polearms
   166 | D        | Reached XP level 6. HP: 18/62 MP: 5/5
   173 | D        | Reached skill level 12 in Polearms
   180 | D        | Killed a yak
   181 | D        | Reached XP level 7. HP: 25/71 MP: 6/6
   183 | D        | Killed a wyvern
   184 | D        | Reached skill level 10 in Fighting
   184 | D        | Reached skill level 13 in Polearms
   184 | D        | Reached skill level 10 in Armour
   193 | D        | Reached skill level 14 in Polearms
   371 | D        | Noticed a basilisk
   371 | D        | Noticed a wraith
   371 | D        | Noticed a troll
   371 | D        | Noticed a vampire mosquito
   371 | D        | Noticed a two-headed ogre
   371 | D        | Noticed a troll
   373 | D        | Killed a basilisk
   376 | D        | Killed a wraith
   377 | D        | Reached XP level 8. HP: 76/82 MP: 7/7
   384 | D        | Killed a troll
   385 | D        | Reached skill level 15 in Polearms
   392 | D        | HP: 4/83 [two-headed ogre/+0 giant club (19)]
   394 | D        | Killed a two-headed ogre
   395 | D        | Reached skill level 16 in Polearms
   395 | D        | Reached XP level 9. HP: 5/92 MP: 8/8
   398 | D        | Mangled by a troll

Illustrated notes

Levels and vault maps discovered:
D:        linesprint [early_d, line_temple, items_1, d_10, items_2, lair_1,
          lair_end, items_3, orc_1, orc_end, items_4, d_15, swamp_1, shoals_1,
          snake_1, spider_1, d_20, vaults_1, items_5, swamp_end, shoals_end,
          snake_end, spider_end, vaults_end, d_27, items_6, zot_1, zot_end,
          crypt_end, forest_end, elf_end, slime_end, tomb_end, abyss_end,
          pan_hell_end]

Skill      XL: |  1  2  3  4  5  6  7  8 |
---------------+-------------------------+-----
Polearms       | 5 7 9 11 12 14 16 | 16.9
Fighting       | 5 6 7 8 9 11 12 | 12.6
Armour         | 5 6 7 8 9 11 12 | 12.6
Shields        | |  3.6

Action                     |  1- 3 |  4- 6 |  7- 9 || total
---------------------------+-------+-------+-------++-------
  Melee: Trident           |    29 |    15 |       ||    44
         Headbutt          |     5 |     2 |     7 ||    14
         Halberd           |       |    18 |    38 ||    56
    Use: Potion            |       |     3 |       ||     3
 Armour: Scale mail        |     8 |    12 |    15 ||    35
  Dodge: Dodged            |    13 |    14 |    10 ||    37
  Block: Buckler           |     4 |     6 |       ||    10
